Map: Newkirk Precinct TE (Void)

Players

Railgan

  • Race: Zerg Zerg
  • League: Grandmaster
  • Spawn Location: 5:00

Hopt - Winner!

  • Race: Terran Terran
  • League: Grandmaster
  • Spawn Location: 7:00

VOD

Have the link to the VOD?

Description

Time

  • Played on: March 4, 2017, 4:11 p.m.
  • Length: 17:39
Show
View Real Time Build Order
Export as new Build Order

Railgan Zerg 

Build Orders: Pool First 

Get SALT Encoding   

  12  0:01  Drone  
  13  0:13  Overlord  
  13  0:18  Drone  
  14  0:31  Drone x2  
  16  0:38  Drone  
  17  0:46  Spawning Pool  
  17  0:49  Drone  
  17  0:56  Drone  
  18  1:13  Hatchery  
  18  1:14  Extractor  
  18  1:17  Drone  
  17  1:20  Drone  
  18  1:36  Roach Warren, Zergling x2  
  18  1:43  Queen  
  18  1:47  Drone  
  21  1:50  Drone  
  22  2:00  Overlord  
  22  2:19  Queen  
  22  2:21  Roach  
  22  2:22  Roach  
  28  2:27  Queen  
  30  2:38  Roach  
  30  2:40  Roach  
  30  2:41  Drone  
  34  2:45  Drone  
  34  2:48  Drone  
  36  2:53  Overlord  
  36  3:12  Drone x2  
  38  3:13  Drone  
  38  3:15  Drone  
  38  3:16  Drone  
  38  3:18  Overlord  
  41  3:24  Drone  
  42  3:28  Drone x2  
  42  3:32  Overlord  
  44  3:36  Overlord  
  44  3:37  Roach  
  46  3:46  Evolution Chamber  
  45  3:52  Lair, Drone  
  45  3:54  Drone  
  45  3:55  Drone  
  48  3:56  Extractor  
  48  3:57  Roach  
  48  3:59  Extractor, Ravager  
  47  4:11  Ravager  
  47  4:16  Drone  
  48  4:17  Overlord  
  48  4:18  Drone x2  
  48  4:20  Drone x2  
  48  4:21  Overlord  
  52  4:24  Zerg Missile Weapons Level 1  
  52  4:30  Roach  
  54  4:32  Overlord  
  54  4:34  Drone  
  54  4:36  Roach  
  57  4:42  Roach  
  59  4:48  Roach  
  59  4:52  Glial Reconstitution  
  61  4:54  Drone  
  61  4:55  Drone x3  
  61  4:57  Overlord  
  65  5:07  Drone  
  66  5:15  Roach  
  66  5:16  Roach x2  
  72  5:23  Overlord, Roach  
  72  5:24  Roach x3  
  72  5:28  Overlord  
  80  5:30  Drone  
  81  5:36  Overlord  
  81  5:41  Roach  
  83  5:45  Roach x2  
  87  5:59  Hatchery  
  87  6:00  Ravager  
  87  6:02  Ravager  
  87  6:03  Roach x3  
  87  6:04  Roach  
  96  6:07  Roach  
  96  6:08  Roach  
  100  6:19  Roach x5  
  110  6:26  Overseer  
  110  6:29  Roach  
  110  6:30  Roach  
  110  6:32  Overlord  
  114  6:36  Roach x2  
  104  6:49  Roach  
  98  6:55  Drone x4  
  98  6:57  Extractor  
  98  7:00  Evolution Chamber  
  98  7:01  Zerg Missile Weapons Level 2  
  100  7:02  Drone x3  
  100  7:03  Drone  
  100  7:05  Drone x2  
  106  7:13  Drone x3  
  109  7:21  Drone x3  
  110  7:23  Drone  
  110  7:24  Drone  
  110  7:26  Zerg Ground Armor Level 1  
  113  7:30  Ravager  
  113  7:31  Ravager, Drone  
  113  7:34  Drone x4  
  113  7:36  Extractor x2, Drone  
  118  7:50  Roach x5  
  127  7:51  Roach  
  118  7:59  Roach x2  
  118  8:00  Roach x3  
  118  8:05  Drone x4  
  132  8:10  Ravager, Roach  
  132  8:11  Ravager  
  132  8:12  Overlord  
  136  8:17  Roach  
  136  8:18  Overlord  
  136  8:19  Overlord  
  138  8:25  Overlord  
  138  8:26  Overlord  
  138  8:32  Roach  
  138  8:33  Hatchery, Roach x2  
  121  8:35  Roach  
  121  8:38  Roach x2  
  121  8:41  Roach  
  125  8:43  Roach  
  125  8:44  Roach  
  127  8:51  Roach x4  
  117  8:58  Roach  
  117  8:59  Roach x3  
  111  9:03  Roach  
  111  9:04  Roach  
  111  9:05  Roach  
  117  9:10  Ravager  
  117  9:11  Ravager x4  
  117  9:12  Roach x2  
  126  9:18  Roach  
  126  9:19  Roach x2  
  126  9:21  Roach  
  126  9:22  Overseer  
  126  9:23  Roach  
  136  9:25  Drone  
  136  9:29  Overlord  
  111  9:38  Roach x3  
  111  9:39  Roach x2  
  111  9:44  Roach x3  
  119  9:45  Roach  
  119  9:51  Zerg Ground Armor Level 2  
  117  9:54  Roach  
  117  9:59  Roach  
  115  10:02  Roach x3  
  115  10:06  Roach x2  
  125  10:09  Roach x2  
  125  10:10  Roach  
  131  10:19  Roach x5  
  141  10:23  Ravager  
  141  10:24  Ravager  
  143  10:29  Roach  
  143  10:30  Roach x3  
  143  10:33  Roach x4  
  143  10:35  Overlord  
  159  10:36  Roach  
  159  10:40  Ravager  
  162  10:43  Roach x2  
  162  10:44  Roach  
  168  10:52  Roach x3  
  162  10:59  Roach x6  
  152  11:09  Roach x5  
  136  11:14  Roach x5  
  137  11:25  Roach x6  
  137  11:29  Roach  
  137  11:30  Roach x2  
  137  11:31  Roach  
  141  11:34  Ravager  
  141  11:38  Roach x3  
  150  11:40  Roach  
  150  11:46  Roach x4  
  152  11:50  Overlord  
  152  11:54  Ravager  
  152  11:58  Roach x3  
  161  12:01  Roach x2  
  161  12:03  Ravager  
  150  12:16  Roach  
  150  12:17  Roach x2  
  150  12:18  Roach x5  
  150  12:22  Roach x2  
  160  12:23  Roach x2  
  160  12:27  Ravager  
  160  12:28  Roach  
  160  12:29  Roach  
  165  12:32  Overlord  
  155  12:37  Roach x5  
  155  12:41  Extractor  
  155  12:42  Drone x3  
  167  12:46  Roach x3  
  167  12:48  Ravager  
  174  12:52  Extractor  
  174  12:57  Roach  
  154  12:59  Roach x6  
  154  13:01  Ravager  
  154  13:04  Roach x2  
  171  13:08  Roach  
  171  13:09  Roach x2  
  177  13:16  Roach x4  
  177  13:17  Ravager  
  177  13:19  Ravager  
  183  13:24  Ravager  
  184  13:31  Drone x4  
  188  13:36  Roach x2  
  188  13:38  Hatchery  
  135  13:51  Roach x6  
  125  13:56  Roach x3  
  125  13:57  Roach  
  113  14:06  Roach x3  
  113  14:07  Roach x2  
  121  14:10  Roach  
  121  14:11  Roach  
  125  14:20  Ravager x4  
  125  14:21  Roach x5  
  125  14:23  Ravager x3  
  143  14:24  Ravager  
  143  14:26  Roach  
  143  14:28  Roach  
  143  14:30  Roach  
  149  14:31  Roach  
  149  14:36  Roach x3  
  157  14:39  Roach  
  157  14:40  Roach  
  157  14:44  Roach  
  157  14:45  Roach  
  165  14:48  Roach  
  167  14:55  Roach x2  
  167  14:56  Roach x2  
  167  14:58  Roach  
  177  15:06  Roach x2  
  177  15:07  Roach x2  
  135  15:21  Roach x9  
  126  15:26  Ravager x2  
  126  15:27  Ravager x4  
  138  15:31  Roach  
  138  15:32  Roach x3  
  138  15:34  Roach  
  148  15:36  Roach  
  148  15:37  Roach  
  148  15:39  Roach  
  148  15:42  Roach  
  156  15:48  Roach x5  
  147  15:50  Ravager  
  147  15:56  Roach  
  147  15:57  Roach x3  
  153  16:02  Roach  
  155  16:05  Roach  
  136  16:19  Roach x5  
  148  16:25  Roach  
  148  16:29  Roach x10  
  148  16:31  Roach  
  148  16:32  Ravager x3  
  173  16:37  Ravager  
  173  16:39  Roach x4  
  172  16:48  Roach  
  172  16:49  Ravager  
  175  16:56  Roach x6  
  185  17:04  Hatchery  
  168  17:10  Roach x6  
  168  17:14  Extractor  
  157  17:16  Extractor  
  157  17:20  Roach x2  
  109  17:30  Ravager  
  109  17:31  Ravager  
  109  17:35  Ravager  
Show
View Real Time Build Order
Export as new Build Order

Hopt Terran - Winner!

Build Orders: MMM Bio 

Get SALT Encoding   

  12  0:00  SCV  
  13  0:13  SCV  
  14  0:17  Supply Depot  
  14  0:25  SCV  
  15  0:39  SCV  
  15  0:41  Barracks  
  16  0:44  Refinery  
  16  0:51  SCV  
  17  1:00  Barracks  
  17  1:05  SCV  
  18  1:17  SCV  
  19  1:27  Reaper  
  19  1:29  Orbital Command  
  20  1:37  Barracks  
  20  1:43  Refinery  
  20  1:47  Reaper  
  21  1:55  Supply Depot  
  21  1:59  SCV  
  22  2:06  Reaper  
  23  2:17  SCV  
  23  2:19  Reaper  
  25  2:24  Supply Depot  
  25  2:27  Reaper  
  25  2:29  SCV  
  26  2:41  SCV  
  27  2:44  Reaper  
  28  2:53  SCV  
  28  2:57  Reaper  
  30  3:02  Command Center  
  30  3:04  Reaper  
  31  3:12  SCV  
  31  3:16  Reaper  
  32  3:24  SCV  
  32  3:25  Supply Depot  
  33  3:29  Reaper  
  33  3:36  Reaper, SCV  
  35  3:48  SCV  
  36  4:00  SCV, Command Center  
  37  4:12  SCV  
  38  4:18  Barracks Tech Lab  
  38  4:19  Barracks Reactor x2  
  38  4:24  SCV  
  39  4:32  Engineering Bay  
  39  4:34  Engineering Bay  
  39  4:36  Factory, SCV  
  40  4:44  Orbital Command  
  40  4:48  SCV  
  41  4:55  Stimpack  
  41  5:01  SCV  
  41  5:03  Marine x3  
  45  5:11  SCV  
  46  5:21  Marine, SCV  
  47  5:22  Marine x2  
  47  5:23  Factory Tech Lab  
  47  5:26  Starport  
  47  5:27  Marine  
  51  5:32  SCV  
  51  5:34  Orbital Command  
  52  5:37  SCV  
  52  5:39  Marine  
  54  5:44  Siege Tank  
  54  5:46  Marine x2  
  59  5:50  SCV  
  60  6:00  SCV  
  60  6:01  SCV  
  60  6:04  Medivac  
  64  6:05  SCV  
  64  6:07  Marine x2  
  64  6:08  Marine  
  64  6:10  Terran Infantry Armor Level 1, Terran Infantry Weapons Level 1  
  67  6:20  Marine x2  
  67  6:23  Bunker  
  67  6:24  Supply Depot  
  67  6:25  Supply Depot  
  67  6:31  Marine x2  
  72  6:32  Siege Tank  
  72  6:39  Marine x2  
  74  6:40  SCV  
  61  6:54  SCV  
  61  6:56  Marine x2  
  61  6:57  Medivac  
  61  6:59  SCV x2  
  61  7:01  Marine x2  
  67  7:02  Marine  
  67  7:04  Combat Shields  
  67  7:06  SCV  
  67  7:07  Refinery  
  70  7:09  Refinery  
  70  7:11  SCV  
  70  7:12  SCV  
  70  7:14  Marine x2  
  74  7:19  Marine x2  
  74  7:20  Marine  
  76  7:27  Siege Tank  
  79  7:32  Marine x2, Barracks  
  79  7:33  SCV x2  
  79  7:34  Barracks  
  79  7:35  SCV  
  84  7:38  Marine  
  84  7:40  Supply Depot  
  84  7:41  Supply Depot  
  85  7:49  Marine x2, SCV  
  86  7:52  Orbital Command  
  86  7:53  Marine x2  
  86  7:59  Marine  
  85  8:06  Siege Tank  
  85  8:07  Marine x2  
  85  8:11  Marine x2  
  92  8:13  Supply Depot  
  92  8:14  Orbital Command  
  92  8:15  Supply Depot  
  92  8:17  Marine  
  92  8:18  SCV  
  92  8:19  Armory  
  94  8:20  Marine  
  94  8:25  Marine x2  
  97  8:28  Marine  
  87  8:34  Marine x2  
  87  8:36  Marine  
  87  8:38  Marine, SCV  
  88  8:42  Siege Tank  
  88  8:43  Marine x2, Orbital Command  
  88  8:46  Marine  
  94  8:52  Marine  
  94  8:53  Marine  
  88  9:00  Marine x2, Barracks Tech Lab, Barracks Reactor  
  88  9:02  SCV x2  
  90  9:04  Marine  
  90  9:07  Starport Reactor  
  90  9:09  Marine  
  91  9:10  SCV  
  91  9:14  SCV x2  
  95  9:17  Terran Infantry Weapons Level 2  
  95  9:22  Terran Infantry Armor Level 2, SCV  
  96  9:26  SCV x2  
  96  9:27  Marine x4  
  96  9:28  Marine  
  95  9:41  Marine x2  
  95  9:42  Marine  
  95  9:45  Marine x3  
  91  9:46  Marine x2  
  91  9:51  Barracks  
  92  9:53  Barracks  
  92  9:54  Medivac x2  
  92  9:58  Terran Vehicle Weapons Level 1  
  92  9:59  Marine x2  
  95  10:00  Marine  
  95  10:03  Marine x3  
  95  10:05  Marine, Marauder  
  95  10:06  Siege Tank  
  105  10:11  Refinery x2  
  105  10:15  Unknown  
  105  10:16  Marine  
  105  10:17  Marine  
  105  10:18  Marine  
  105  10:20  Marine  
  109  10:21  Marine x2, Command Center  
  109  10:23  Marine  
  109  10:25  Marine  
  113  10:34  Marine x2  
  113  10:35  SCV x2  
  117  10:38  Siege Tank  
  117  10:39  SCV  
  117  10:41  Supply Depot  
  121  10:43  Marine x2, Marauder, Supply Depot  
  121  10:45  Barracks Tech Lab  
  121  10:46  Barracks Tech Lab  
  125  10:55  Marauder, SCV  
  125  10:57  Marine x2  
  110  11:04  Marauder  
  110  11:07  Marine x2, Marauder  
  106  11:13  Marine x3  
  106  11:15  Siege Tank, Medivac, Marine x2  
  106  11:16  Medivac  
  106  11:17  Marauder  
  106  11:18  SCV  
  121  11:25  Marine x2  
  116  11:26  Marauder  
  116  11:31  Marine x3  
  116  11:32  Marine  
  111  11:39  Marine x2  
  115  11:40  Marauder  
  115  11:43  Marine x2  
  117  11:47  Marauder  
  117  11:48  Siege Tank, Medivac  
  117  11:49  Medivac, Marine x2  
  117  11:50  Marauder x2  
  132  11:57  Marine x2  
  132  12:01  Marauder  
  136  12:04  Planetary Fortress  
  136  12:05  SCV x3  
  139  12:09  Marauder  
  139  12:11  Marauder x2  
  139  12:16  Marine x2  
  139  12:17  SCV x2  
  139  12:18  SCV  
  139  12:20  Marine  
  139  12:21  Marine x2  
  139  12:22  Marine, Siege Tank  
  149  12:25  Medivac x2  
  149  12:29  Marauder, SCV  
  156  12:34  SCV  
  156  12:35  Marauder, SCV  
  156  12:38  Terran Infantry Armor Level 3, Terran Infantry Weapons Level 3  
  156  12:45  SCV  
  156  12:53  Marine x2  
  156  12:55  Marine  
  156  12:57  Marine x3  
  156  13:01  Refinery  
  156  13:02  Refinery  
  156  13:03  Supply Depot  
  156  13:05  Supply Depot x2  
  156  13:07  Supply Depot  
  156  13:13  Marine x3, SCV  
  156  13:14  Marine  
  156  13:15  Marine x2  
  156  13:24  Terran Vehicle Weapons Level 2  
  156  13:25  Marine, Marauder, SCV x2, Siege Tank  
  156  13:27  Marine, Medivac x2  
  164  13:31  Starport  
  165  13:44  Marine x2  
  165  13:45  Marine x2  
  165  13:48  Marine x3  
  144  13:49  Marine x3, Command Center  
  139  13:58  Siege Tank  
  139  14:02  Marine x2  
  126  14:03  Marine x2  
  126  14:05  Marine  
  126  14:06  Marine x3  
  126  14:08  Concussive Shells  
  132  14:10  Marine x2  
  132  14:13  Medivac x2  
  138  14:21  Marine x3  
  138  14:23  Marine  
  138  14:24  Marine x2  
  145  14:30  Siege Tank  
  147  14:33  Liberator x2  
  147  14:34  Barracks Tech Lab  
  147  14:36  Marine  
  147  14:37  Marauder, Liberator x2  
  150  14:39  Marine  
  150  14:41  Armory  
  150  14:42  Marine, Marauder  
  150  14:43  Marauder  
  156  14:48  Marine  
  156  14:51  Marine  
  164  14:55  Marauder  
  172  15:03  Planetary Fortress  
  162  15:07  Refinery  
  162  15:08  Refinery  
  152  15:15  Marine x2  
  150  15:23  Marine x3  
  150  15:25  Marine x2  
  150  15:26  Marine x2  
  157  15:33  Marine x2  
  159  15:35  Liberator x2  
  159  15:40  Marine  
  159  15:41  Marine, Marauder  
  163  15:43  Marine x2  
  163  15:44  Marauder  
  163  15:48  Marine  
  155  15:51  Marine x2, Command Center  
  155  15:52  Siege Tank  
  166  15:58  Marine x2  
  166  16:01  Marine x2  
  166  16:02  Marine  
  171  16:05  Marine  
  171  16:06  Marine  
  171  16:07  Liberator  
  171  16:09  Marine x2  
  161  16:16  Marine x2  
  151  16:19  Marine x2  
  151  16:20  Marine  
  151  16:22  Marine  
  151  16:24  Marine  
  156  16:26  Marine  
  156  16:27  Marine  
  156  16:29  Siege Tank  
  161  16:34  Marine x2, Liberator x2  
  161  16:37  Marine x2  
  161  16:38  Marauder  
  167  16:40  Marine  
  167  16:41  Marine  
  167  16:44  Marine x2  
  167  16:52  Marine x2  
  175  16:55  Marine x2  
  175  16:58  Marine  
  175  16:59  Marine x2  
  180  17:02  Marine x2  
  172  17:10  Marine x2  
  172  17:12  Marine  
  172  17:13  Marauder  
  160  17:16  Marine  
  160  17:17  Marine x2  
  160  17:20  Marine x2  
Tags
 
Add a new tag
Caveats
  • Supply blocks, unpowered buildings, or Contaminate may cause inaccurate times.
  • Supply counts are checked every 10 seconds.